 Dungeon Crawl Stone Soup version 0.29.1-12-g30fa7ad0bf (webtiles) character file.

Game seed: 10741344915899566814

226 booth the Sneak (level 6, -2/54 HPs)
             Began as a Kobold Brigand on Jan 9, 2023.
             Slain by Ijyb
             ... wielding a +0 club
              (9 damage)
             ... on level 3 of the Dungeon.
             The game lasted 00:31:01 (3430 turns).

booth the Sneak (Kobold Brigand)                    Turns: 3430, Time: 00:31:01

Health: -2/54      AC:  3    Str: 11    XL:     6   Next: 22%
Magic:  6/6        EV: 19    Int: 12    God:
Gold:   127        SH:  5    Dex: 16    Spells: 5/5 levels left

rFire   . . .      SeeInvis .   a - +2 dagger
rCold   . . .      Faith    .   (no shield)
rNeg    . . .      Spirit   .   b - +0 robe
rPois   .          Reflect  +   (no helmet)
rElec   .          Harm     .   c - +0 cloak
rCorr   .          Rampage  .   (no gloves)
Will    .....                   (no boots)
Stlth   ..........              p - amulet of reflection
HPRegen 0.18/turn               o - +4 ring of evasion
MPRegen 0.10/turn               (no ring)

@: berserking, hasted, very quick
A: small, no large weapons, nightstalker 3
a: no special abilities


You were on level 3 of the Dungeon.
You visited 1 branch of the dungeon, and saw 3 of its levels.

You collected 127 gold pieces.

Inventory:

Hand Weapons
 a - a +2 dagger (weapon)
 f - a +0 short sword
Missiles
 q - 6 boomerangs (quivered)
 r - 4 datura-tipped darts
Armour
 b - a +0 robe (worn)
 c - a +0 cloak (worn)
 i - a +0 leather armour
Jewellery
 j - a ring of fire
 o - a +4 ring of evasion (left hand)
 p - an amulet of reflection (around neck)
Scrolls
 l - a scroll of silence
Potions
 g - 2 potions of flight
 k - a potion of berserk rage
 m - a potion of ambrosia
 n - a potion of attraction {unknown}


   Skills:
 + Level 2.5 Fighting
 * Level 5.1 Short Blades
 + Level 3.5 Throwing
 + Level 2.4 Dodging
 + Level 6.9 Stealth


You had 5 spell levels left.
You didn't know any spells.
Your spell library was empty.

Dungeon Overview and Level Annotations

Branches:
Dungeon (3/15)

Altars:

Annotations:
D:3 Ijyb


Innate Abilities, Weirdness & Mutations

You are small and have problems with some larger weapons.
You are completely attuned to the shadows.


Message History

The orc barely misses Ijyb.
Ijyb hits the orc with a +0 club!
The orc dies!
Your Short Blades skill increases to level 5!
Throw: 5 darts (datura)
Press: ? - help, Q - select action, (/) - cycle Shift-Dir - straight line, f - Ijyb
Aim: Ijyb, wielding a +0 club, wearing a +0 ring mail and carrying a wand of paralysis (8) (58% to hit, chance to frenzy on hit: 90%)
You throw a datura-tipped dart.
The datura-tipped dart barely misses the orc priest.
The datura-tipped dart hits Ijyb.
Ijyb flies into a frenzy!
Ijyb hits the orc priest with a +0 club.
You hit the orc priest but do no damage.
The orc priest is lightly wounded.
Ijyb shouts!
You hit the orc priest but do no damage.
The orc priest is lightly wounded.
Ijyb hits the orc priest with a +0 club.
The orc priest calls down the wrath of Beogh upon you.
Beogh smites you!
You hit the orc priest but do no damage.
The orc priest is moderately wounded.
Ijyb misses the orc priest.
The orc priest hits you with a +0 club.
You hit the orc priest.
The orc priest is severely wounded.
Ijyb hits the orc priest but does no damage.
The orc priest hits Ijyb but does no damage.
Ijyb misses the orc priest.
You hit the orc priest.
The orc priest is almost dead.
Ijyb hits the orc priest with a +0 club.
The orc priest dies!
Ijyb closely misses you.
You feel yourself speed up. Ijyb hits you with a +0 club. x2
* * * LOW HITPOINT WARNING * * *
Throw: 6 boomerangs
Press: ? - help, Q - select action, (/) - cycle Shift-Dir - straight line, f/p - Ijyb
Aim: Ijyb, wielding a +0 club, wearing a +0 ring mail and carrying a wand of paralysis (8) (fast, strong, frenzied and insane, 58% to hit)
Okay, then.
A red film seems to cover your vision as you go berserk!
You feel yourself moving faster!
You feel mighty! Ijyb hits you with a +0 club!
You die...

### #...##....#.# #
#...####+##.. # #...#
#..... #
##...#########
.....'........
#######.#...#........
......#.....###.###..
.......#....###.#####
..
....@g.#....##...g...
.# ##+#..
##...#.#....##.......
.#####.....
#...#)#....##.......
.....'.....
#...#)#......).# ##
...###.....
#...#.(.)#####.#
...##.....#
#....)o.(o.#
...##.....#
#...(#####.o ###
#####.....# #......
...... ...........
#.....## .###


You could see the neutral Ijyb (fast, strong, insane).

Vanquished Creatures
  A necrophage (D:3)
  An orc wizard (D:3)
  5 adders
  3 worms
  2 dart slugs (D:1)
  3 orcs (D:3)
  2 endoplasms
  3 giant cockroaches
  2 goblins
  5 hobgoblins
  A quokka (D:1)
  7 ball pythons
  8 bats
  4 frilled lizards
  6 kobolds
  4 rats (D:1)
57 creatures vanquished.

Vanquished Creatures (collateral kills)
  An orc priest (D:3)
1 creature vanquished.

Vanquished Creatures (others)
  An orc (D:3)
1 creature vanquished.

Grand Total: 59 creatures vanquished

Notes
Turn   | Place    | Note
-------+----------+-------------------------------------------
     0 | D:1      | booth the Kobold Brigand began the quest for the Orb.
     0 | D:1      | Reached XP level 1. HP: 12/12 MP: 1/1
   319 | D:1      | Reached XP level 2. HP: 17/17 MP: 2/2
   522 | D:1      | Found a faded altar of an unknown god.
   731 | D:1      | Reached skill level 6 in Stealth
   862 | D:1      | Reached XP level 3. HP: 21/21 MP: 3/3
  1736 | D:2      | Reached XP level 4. HP: 22/26 MP: 4/4
  2710 | D:3      | Noticed a necrophage
  2731 | D:3      | Killed a necrophage
  2732 | D:3      | Reached XP level 5. HP: 31/31 MP: 5/5
  3361 | D:3      | Noticed Ijyb
  3400 | D:3      | Reached XP level 6. HP: 36/36 MP: 6/6
  3420 | D:3      | Reached skill level 5 in Short Blades
  3430 | D:3      | Slain by Ijyb

Illustrated notes

Levels and vault maps discovered:
D:1:      co_arrival_random_square_maze, layout_basic,
          shapermc_ecumenical_altar_pompeii, kennysheep_doodads
D:2:      layout_basic, dreamdust_princess_bridge
D:3:      layout_basic, minmay_misc_feat_cross, small_statue_intersection,
          skrybe_limestone_x, uniq_ijyb

Skill      XL: |  1  2  3  4  5  6 |
---------------+-------------------+-----
Short Blades   | 3 4 5 |  5.1
Stealth        | 6 |  6.9
Throwing       | 3 |  3.5
Dodging        | 2 |  2.4
Fighting       | |  2.5

Action                   |  1- 3 |  4- 6 || total
-------------------------+-------+-------++-------
Melee: Dagger            |    61 |   100 ||   161
       Punch             |       |     1 ||     1
Throw: Dart              |    30 |    20 ||    50
       Boomerang         |       |     4 ||     4
  Use: Scroll            |     1 |     4 ||     5
       Potion            |       |     2 ||     2
 Stab: Sleeping          |     6 |     7 ||    13
Armor: Robe              |     8 |    16 ||    24
Dodge: Dodged            |    24 |    83 ||   107
Block: Other             |       |     9 ||     9
